 Dungeon Crawl Stone Soup version 0.30-a0-292-g0f741e3f8e (webtiles) character file.

Game seed: 11142068647173291376

63 jlumianski the Chopper (level 3, -4/27 HPs)
             Began as a Demonspawn Gladiator on Oct 17, 2022.
             Slain by Crazy Yiuf
             ... wielding a +2 quarterstaff of chaos
              (5 damage)
             ... while petrified by Crazy Yiuf
             ... on level 2 of the Dungeon.
             The game lasted 00:06:33 (1681 turns).

jlumianski the Chopper (Demonspawn Gladiator)       Turns: 1681, Time: 00:06:33

Health: -4/27      AC: 12    Str: 14 (16) XL:     3   Next: 89%
Magic:  3/3        EV:  2    Int:  9 (11) God:
Gold:   125        SH:  0    Dex: 13 (14) Spells: 2/2 levels left

rFire   . . .      SeeInvis .    a - +0 war axe (chaos)
rCold   . . .      Faith    .    (no shield)
rNeg    + + +      Spirit   .    m - +0 chain mail
rPois   ∞          Reflect  .    c - +1 helmet
rElec   .          Harm     .    (no cloak)
rCorr   .          Rampage  .    p - +1 pair of gloves
Will    .....                    (no boots)
Stlth   ..........               t - amulet of magic regeneration
HPRegen 0.24/turn                (no ring)
MPRegen 0.48/turn                (no ring)

@: petrified
A: powered by death 1, big brain 1
a: no special abilities


You were on level 2 of the Dungeon.
You visited 1 branch of the dungeon, and saw 3 of its levels.

You collected 125 gold pieces.

Inventory:

Hand Weapons
 a - a +0 war axe of chaos (weapon)
 g - a +3 spear
 w - a +2 dagger of venom
Missiles
 d - 3 throwing nets (quivered)
 e - a javelin
 i - 4 poisoned darts
Armour
 b - a +0 leather armour
 c - a +1 helmet (worn)
 l - a +0 scale mail
 m - a +0 chain mail (worn)
 p - a +1 pair of gloves (worn)
Magical Staves
 h - a staff of poison
Jewellery
 s - a ring of ice
 t - an amulet of magic regeneration (around neck)
Scrolls
 q - a scroll of summoning {unknown}
 u - a scroll of identify {unknown}
 x - a scroll of magic mapping {unknown}
 y - a scroll of noise {unknown}
Potions
 f - a potion of degeneration
 j - a potion of heal wounds
 k - a potion of lignification {unknown}
 n - a potion of brilliance {unknown}
 o - a potion of mutation {unknown}
 r - a potion of haste {unknown}
 v - a potion of curing {unknown}


   Skills:
 + Level 2.2 Fighting
 + Level 3.7 Axes
 + Level 1.9 Throwing
 + Level 0.3 Armour
 + Level 3.2 Dodging


You had 2 spell levels left.
You didn't know any spells.
Your spell library contained the following spells:

 Spells                   Type           Power      Damage    Failure   Level
 Summon Small Mammal      Summ           0%         N/A       100%        1
 Ensorcelled Hibernation  Hex/Ice        0%         N/A       100%        2
 Passwall                 Tmut/Erth      0%         N/A       100%        2
 Call Canine Familiar     Summ           0%         N/A       100%        3
 Summon Guardian Golem    Hex/Summ       0%         N/A       100%        3
 Swiftness                Air            0%         N/A       100%        3


Dungeon Overview and Level Annotations

Branches:
Dungeon (3/15)

Altars:

Annotations:
D:2 Crazy Yiuf


Innate Abilities, Weirdness & Mutations

You regenerate a little health from kills.
You have an unusually large brain. (Int +2)


Message History

You barely miss the kobold.
The kobold hits you but does no damage. x2
You hit the kobold. You freeze the kobold.
You kill the kobold!
Things that are here:
a +0 short sword; 5 stones You now have 108 gold pieces (gained 4).
You now have 119 gold pieces (gained 11).
There is a stone staircase leading down here.
You now have 125 gold pieces (gained 6).
Found a hammer.
Found a runed translucent door.
Crazy Yiuf shouts!
Could not explore, unopened runed door.
Okay, then.
You open the door. You barely miss Crazy Yiuf.
Crazy Yiuf hits you with a +2 quarterstaff of chaos!
You are slowing down.
Okay, then.
Okay, then.
You slash Crazy Yiuf!
Crazy Yiuf is moderately wounded.
Crazy Yiuf hits you but does no damage. Crazy Yiuf completely misses you.
You have turned to stone.
Crazy Yiuf yells, "Whippet spinner head!"
Crazy Yiuf hits you with a +2 quarterstaff of chaos.
You convulse.
Crazy Yiuf hits you but does no damage. x2
You resist with some effort.
Crazy Yiuf hits you with a +2 quarterstaff of chaos.
Crazy Yiuf whimpers, "Mountain horse chair!"
Crazy Yiuf hits you with a +2 quarterstaff of chaos.
Crazy Yiuf hits you with a +2 quarterstaff of chaos!
* * * LOW HITPOINT WARNING * * *
Crazy Yiuf freezes you.
Crazy Yiuf hits you with a +2 quarterstaff of chaos!
* * * LOW HITPOINT WARNING * * *
Crazy Yiuf burns you.
* * * LOW HITPOINT WARNING * * *
Crazy Yiuf hits you with a +2 quarterstaff of chaos!
You die...

..........##
####..##...#
..#..###...#
#.....##...#
#####
......##...#
#..)#
#..<..##...#
#...#
......##...#
...
#.....######
#g# #.....#
♣♣@♣ #..<..#
♣.♣♣ #####.#
♣♣.♣ #.# ♣.♣♣
#.### ♣♣.♣♣
#...# ♣...♣♣
###.# ♣....♣
#.## #....#
#..#####....#


You could see Crazy Yiuf.

Vanquished Creatures
  An adder (D:3)
  A dart slug (D:1)
  An orc (D:3)
  2 bats (D:1)
  6 endoplasms
  4 giant cockroaches
  8 hobgoblins
  4 kobolds
  2 quokkas (D:1)
  5 ball pythons
  5 frilled lizards
  4 goblins
  2 rats
45 creatures vanquished.

Notes
Turn   | Place    | Note
-------+----------+-------------------------------------------
     0 | D:1      | jlumianski the Demonspawn Gladiator began the quest for the
                  | Orb.
     0 | D:1      | Reached XP level 1. HP: 16/16 MP: 1/1
   105 | D:1      | Gained mutation: You regenerate a little health from kills.
                  | [demonic ancestry]
   105 | D:1      | Reached XP level 2. HP: 16/22 MP: 2/2
   938 | D:1      | Gained mutation: You have an unusually large brain. (Int
                  | +2) [demonic ancestry]
   938 | D:1      | Reached XP level 3. HP: 22/27 MP: 3/3
  1129 | D:3      | Found a faded altar of an unknown god.
  1667 | D:2      | Found a runed translucent door.
  1668 | D:2      | Noticed Crazy Yiuf
  1680 | D:2      | HP: 1/27 [Crazy Yiuf/+2 quarterstaff of chaos (2)]
  1681 | D:2      | Slain by Crazy Yiuf

Illustrated notes

Levels and vault maps discovered:
D:1:      heliophobic_arrival_enchanted_forest, layout_basic,
          serial_co_window_serial, co_window_paths_a, co_window_cross_1,
          co_window_of_opportunity_a, co_window_corner_a,
          co_window_of_opportunity_a, co_window_of_opportunity_b,
          co_window_paths_c, co_window_corner_ca, co_window_unsneaky_path_b,
          glass_columns_a, glass_columns_a, glass_columns_a, glass_columns_c,
          glass_columns_b
D:2:      layout_rooms, uniq_crazy_yiuf_cottage
D:3:      layout_rooms, chequers_ecumenical_altar_island, patterned_corridor

Skill      XL: |  1  2 |
---------------+-------+-----
Axes           | 3 |  3.7
Dodging        | 3 |  3.2
Fighting       | |  2.2
Throwing       | |  1.9
Armour         | |  0.3

Action                   || total
-------------------------++-------
Melee: War axe           ||   111
  Use: Scroll            ||     4
       Potion            ||     2
 Stab: Sleeping          ||     1
Armor: Leather armour    ||    13
       Chain mail        ||    63
       Scale mail        ||     2
Dodge: Dodged            ||    55

Table legend: (Time is in decaauts)
 A = Elapsed time spent in this place.
 B = Non-inter-level travel time spent in this place.
 C = Inter-level travel time spent in this place.
 D = Time resting spent in this place.
 E = Time spent auto-exploring this place.
 F = Levels seen in this place.
 G = Mean time per level.
                   A        B        C        D        E       F      G
               +--------+--------+--------+--------+--------+-----+--------+
         Total |   1721 |   1690 |     31 |      0 |    858 |   3 |  573.7 |
       Dungeon |   1721 |   1690 |     31 |      0 |    858 |   3 |  573.7 |
               +--------+--------+--------+--------+--------+-----+--------+

Top non-repeatable levels by time:
     D:1: 1029 daAuts
     D:2: 535 daAuts
     D:3: 156 daAuts
